 Dungeon Crawl Stone Soup version 0.28-a0-773-g130ae17fe5 (webtiles) character file.

Game seed: 11519393243420272845

15784 flotson the Spear-Bearer (level 12, -5/95 HPs)
             Began as a Merfolk Delver on Nov 1, 2021.
             Was an Initiate of Gozag.
             Slain by a komodo dragon (20 damage)
             ... on level 1 of the Lair of Beasts.
             The game lasted 00:31:48 (18782 turns).

flotson the Spear-Bearer (Merfolk Delver)          Turns: 18782, Time: 00:31:49

Health: -5/95      AC: 22    Str: 20    XL:     12   Next: 30%
Magic:  12/12      EV: 11    Int:  9    God:    Gozag
Gold:   2220       SH: 13    Dex: 18    Spells: 11/11 levels left

rFire   . . .      SeeInvis +   a - +4 spear of Nice Defiance {holy, rPois}
rCold   . . .      Faith    .   k - +0 tower shield
rNeg    . . .      Spirit   .   E - +6 scale mail of Pride {Dex+2}
rPois   +          Reflect  .   p - +0 helmet
rElec   .          Harm     .   I - +2 cloak
rCorr   +          Rampage  .   R - +2 pair of gloves {Str+3}
Will    .....                   D - +0 pair of boots
Stlth   ++........              (no amulet)
HPRegen 0.25/turn               w - ring of poison resistance
MPRegen 0.13/turn               z - ring of resist corrosion

@: no status effects
A: (nimble swimmer 2), mertail, see invisible
a: Renounce Religion, Potion Petition, Call Merchant, Bribe Branch


You were on level 1 of the Lair of Beasts.
You worshipped Gozag.
Gozag was most pleased with you.
You visited 3 branches of the dungeon, and saw 13 of its levels.

You collected 2438 gold pieces.
You spent 218 gold pieces at shops.

Inventory:

Hand Weapons
 a - the +4 spear of Nice Defiance (weapon) {holy, rPois}
   (You took it off an orc on level 4 of the Dungeon)

   It has been blessed by the Shining One to cause great damage to the undead
   and demons.
   rPois:     It protects you from poison.
Missiles
 q - 2 atropa-tipped darts (quivered)
 s - 62 poisoned darts
 y - a javelin
 H - 6 curare-tipped darts
 P - 3 throwing nets
Armour
 b - a +0 crystal plate armour
 k - a +0 tower shield (worn)
 p - a +0 helmet (worn)
 C - the +1 chain mail of Beogh's Benevolence {Rampage rElec rPois MP+9}
   (You bought it in a shop on level 4 of the Dungeon)

   rElec:     It insulates you from electricity.
   rPois:     It protects you from poison.
   MP:        It affects your magic capacity (+9).
   Rampage:   It bestows one free step when moving towards enemies.
 D - a +0 pair of boots (worn)
 E - the +6 scale mail of Pride (worn) {Dex+2}
   (You took it off an orc on level 4 of the Dungeon)

   Dex:       It affects your dexterity (+2).
 I - a +2 cloak (worn)
 R - a +2 pair of gloves of strength (worn)
Jewellery
 w - a ring of poison resistance (left hand)
 z - a ring of resist corrosion (right hand)
Wands
 f - a wand of paralysis (14)
 g - a wand of digging (8)
 t - a wand of flame (35)
 F - a wand of iceblast (12)
 G - a wand of polymorph (16)
Scrolls
 c - 5 scrolls of fog
 d - 5 scrolls of magic mapping
 e - 4 scrolls of enchant weapon {unknown}
 h - 6 scrolls of blinking {unknown}
 j - 2 scrolls of brand weapon {unknown}
 l - 9 scrolls of identify {unknown}
 m - 11 scrolls of teleportation {unknown}
 r - 3 scrolls of amnesia {unknown}
 u - 2 scrolls of torment {unknown}
 x - 3 scrolls of noise {unknown}
 J - a scroll of immolation {unknown}
 N - a scroll of vulnerability {unknown}
Potions
 i - a potion of invisibility {unknown}
 n - 3 potions of brilliance {unknown}
 o - 2 potions of curing
 v - 2 potions of resistance
 A - a potion of flight {unknown}
 B - a potion of attraction {unknown}
 K - 2 potions of lignification {unknown}
 L - 2 potions of mutation
 M - a potion of degeneration {unknown}
 O - a potion of ambrosia {unknown}


   Skills:
 + Level 9.1 Fighting
 - Level 14.0 Polearms
 + Level 7.4 Throwing
 + Level 5.8 Armour
 + Level 10.4 Dodging
 - Level 5.4 Stealth
 + Level 1.9 Shields
 + Level 7.7 Evocations


You had 11 spell levels left.
You didn't know any spells.
Your spell library contained the following spells:

 Spells                   Type           Power      Damage    Failure   Level
 Animate Skeleton         Necr           0%         N/A       100%        1
 Apportation              Tloc           0%         N/A       100%        1
 Summon Small Mammal      Summ           0%         N/A       100%        1
 Blink                    Tloc           0%         N/A       100%        2
 Passwall                 Tmut/Erth      0%         N/A       100%        2
 Swiftness                Air            0%         N/A       100%        3
 Olgreb's Toxic Radiance  Pois           0%         N/A       100%        4
 Manifold Assault         Tloc           0%         N/A       100%        5
 Invisibility             Hex            0%         N/A       100%        6
 Ozocubu's Refrigeration  Ice            0%         4d5       100%        7
 Storm Form               Tmut/Air       0%         N/A       100%        7
 Ignition                 Fire           0%         3d3       100%        8


Dungeon Overview and Level Annotations

Branches:
Dungeon (10/15)            Temple (1/1) D:4            Lair (2/6) D:8
    Orc (0/2) D:9
  Swamp: Lair:2-4    Shoals: Lair:2-4     Snake: Lair:2-4    Spider: Lair:2-4

Altars:
Ashenzari
Cheibriados
Dithmenos
Gozag
Hepliaklqana
Kikubaaqudgha
Makhleb
Ru
Sif Muna
Trog
Uskayaw
Vehumet
Xom
Zin
The Shining One
Beogh
Lugonu

Shops:
D:4 [


Innate Abilities, Weirdness & Mutations

((You are quick and stealthy near water. (Stealth+, EV+, Speed+++)))
Your lower body shifts to a powerful aquatic tail in water.
You have supernaturally acute eyesight. (SInv)


Message History

The komodo dragon is moderately wounded.
You block the cane toad's attack. You block the komodo dragon's attack.
You hit the komodo dragon.
The komodo dragon is heavily wounded.
You block the cane toad's attack.
The komodo dragon bites you but does no damage.
You hit the komodo dragon but do no damage.
The komodo dragon is heavily wounded.
You block the cane toad's attack. The komodo dragon bites you!
You closely miss the komodo dragon.
The komodo dragon is heavily wounded.
The cane toad stings you but does no damage.
You hit the komodo dragon.
The komodo dragon is heavily wounded.
The komodo dragon bites you!
* * * LOW HITPOINT WARNING * * *
The cane toad barely misses you.
You hit the komodo dragon.
The komodo dragon is severely wounded.
The cane toad barely misses you. You block the komodo dragon's attack.
You hit the komodo dragon but do no damage.
The komodo dragon is severely wounded.
The cane toad barely misses you. You block the komodo dragon's attack.
The cane toad stings you but does no damage.
You hit the komodo dragon.
The komodo dragon is severely wounded.
The komodo dragon barely misses you.
The cane toad stings you but does no damage.
You hit the komodo dragon.
The komodo dragon is severely wounded.
The komodo dragon bites you!!
* * * LOW HITPOINT WARNING * * *
You block the cane toad's attack.
Okay, then.
Unknown command.
Okay, then.
Unknown command.
You feel better. The komodo dragon bites you!!
You die...
Your body crumbles into a pile of gold.

#.## ##.##.###### #.##
#..#######..##.# #.#
#..............# ##.#
###.###.######## #..##
### #.# ##..# #.# #..##
#.# ##..P
#######.####### #...
#......SF@l...#######
###.
##.####.###.#.#.#.#>##
#. ##.#
#.##...........####.
#..##
#...#.#.#.#.#.##..#.
##..#
###.................
##.##
##.#.#.#.#.#.#.#### #..#
#.....)........# #..#
#..#.#.#.#.#.#.#
##.######.............##


You could see a komodo dragon, a cane toad and a water moccasin.

Vanquished Creatures
  Harold (Lair:1)
  A hydra (Lair:1)
  4 two-headed ogres (D:10)
  An orc knight (D:10)
  The ghost of SirDiesAlot the Skirmisher, a novice MiDe of Gozag (D:6)
  Pikel (D:8)
  An oklob plant (Lair:1)
  Maurice (D:8)
  Joseph (D:8)
  The ghost of ytrimaz the Poker, a novice DsGl (D:4)
  4 cane toads (Lair:1)
  A rime drake (Lair:1)
  Prince Ribbit (D:7)
  A hornet (D:7)
  3 shadows (D:9)
  7 yaks
  2 basilisks (D:8)
  A wraith (D:9)
  2 wyverns (D:8)
  A steam dragon (D:7)
  6 water moccasins
  Duvessa (Temple)
  2 orc warriors
  2 black bears
  A necrophage (D:5)
  A hornet zombie (D:6)
  2 ogres (D:6)
  4 wolves (Lair:1)
  2 phantoms (D:4)
  3 centaurs (D:9)
  2 lemures (D:8)
  7 kobold brigands
  7 bullfrogs
  2 gnoll sergeants
  2 scorpions
  Dowan (Temple)
  A water moccasin zombie (D:5)
  2 wyvern skeletons
  A water moccasin skeleton (D:6)
  A troll zombie (D:9)
  11 wights
  2 howler monkeys
  An electric eel (Lair:1)
  A bullfrog zombie (D:6)
  3 centaur zombies
  2 centaur skeletons
  A jelly (D:6)
  2 orc priests
  3 hounds
  A bullfrog skeleton (D:4)
  A gnoll shaman (D:8)
  2 iguanas
  4 orc wizards (D:10)
  7 ogre zombies (D:9)
  19 gnolls
  9 adders
  A white imp (D:6)
  2 ufetubi
  An adder skeleton (D:4)
  A worm (D:5)
  2 dart slugs
  36 orcs
  5 endoplasms
  3 giant cockroaches
  8 goblins
  10 hobgoblins
  8 jackals
  3 quokkas
  5 ball pythons
  8 bats
  8 frilled lizards
  A goblin skeleton (D:9)
  5 goblin zombies (D:9)
  3 hobgoblin zombies (D:9)
  11 kobolds
  An orc skeleton (D:9)
  15 orc zombies (D:9)
  A quokka skeleton (D:4)
  6 rats
299 creatures vanquished.

Vanquished Creatures (others)
  A wizard (D:10)
  A human (D:9)
  A quokka (D:1)
  6 fungi
  26 plants
35 creatures vanquished.

Grand Total: 334 creatures vanquished

Notes
Turn   | Place    | Note
-------+----------+-------------------------------------------
     0 | D:5      | flotson the Merfolk Delver began the quest for the Orb.
     0 | D:5      | Reached XP level 1. HP: 18/18 MP: 1/1
   124 | D:5      | Noticed an iguana
   146 | D:4      | Noticed Dowan
   146 | D:4      | Noticed a phantom
   147 | D:4      | Noticed Duvessa
   432 | D:3      | Reached XP level 2. HP: 7/24 MP: 2/2
   642 | D:2      | Reached XP level 3. HP: 29/29 MP: 3/3
   679 | D:1      | Reached skill level 1 in Evocations
   872 | D:1      | Found a faded altar of an unknown god.
   912 | D:1      | Prayed at the altar of an unknown god.
   912 | D:1      | Became a worshipper of Gozag Ym Sagoz the Greedy
  1449 | D:2      | Reached XP level 4. HP: 34/37 MP: 4/4
  1501 | D:2      | Reached skill level 1 in Armour
  1714 | D:2      | Reached skill level 4 in Polearms
  2655 | D:2      | Reached XP level 5. HP: 28/42 MP: 5/5
  3246 | D:3      | Found a radiant altar of Vehumet.
  3321 | D:3      | Found a shadowy altar of Dithmenos.
  3830 | D:4      | Reached skill level 1 in Throwing
  3849 | D:4      | Reached XP level 6. HP: 22/49 MP: 6/6
  4060 | D:4      | Found Visumyus's Antique Armour Emporium.
  4064 | D:4      | Noticed a black bear
  4080 | D:4      | Killed a black bear
  4109 | D:4      | Found a staircase to the Ecumenical Temple.
  4145 | D:4      | Reached skill level 5 in Polearms
  4190 | Temple   | Entered the Ecumenical Temple
  4444 | D:4      | Reached XP level 7. HP: 45/55 MP: 7/7
  5125 | D:4      | Found a runed translucent gate.
  5125 | D:4      | Noticed ytrimaz's ghost (novice DsGl)
  5126 | D:4      | Found a runed translucent gate.
  5126 | D:4      | Identified the +4 spear of Nice Defiance {holy, rPois}
  5126 | D:4      | Identified the +6 scale mail of Pride {Dex+2}
  5127 | D:4      | Found a runed translucent gate.
  5158 | D:4      | Reached skill level 5 in Fighting
  5521 | D:4      | Identified the +6 chain mail of the Blessed Realm {rElec
                  | Will+}
  5611 | Temple   | Killed Duvessa
  5612 | Temple   | Reached skill level 5 in Dodging
  5614 | Temple   | Killed Dowan
  5791 | D:5      | Reached skill level 6 in Polearms
  6031 | D:5      | Reached XP level 8. HP: 62/62 MP: 8/8
  6196 | D:5      | Found a broken altar of Ashenzari.
  6246 | D:5      | Found a glowing silver altar of Zin.
  6524 | D:5      | Reached skill level 7 in Polearms
  7129 | D:6      | HP: 3/64 [ogre (28)]
  7635 | D:6      | Found a burning altar of Makhleb.
  7807 | D:6      | Reached skill level 8 in Polearms
  7807 | D:6      | Reached XP level 9. HP: 66/69 MP: 9/9
  7955 | D:6      | Found a runed translucent gate.
  7955 | D:6      | Noticed SirDiesAlot's ghost (novice MiDe)
  7956 | D:6      | Found a runed translucent gate.
  7956 | D:6      | Found a runed translucent gate.
  8665 | D:7      | Noticed a hornet
  8674 | D:7      | Paralysed by a hornet for 2 turns
  8681 | D:7      | Killed a hornet
  8917 | D:7      | Reached skill level 9 in Polearms
  9011 | D:7      | Identified the +2 robe of Masochism {Contam rF+ Str+3 Dex+2
                  | SInv}
  9225 | D:4      | Bought an encrusted chain mail for 218 gold pieces
  9225 | D:4      | Identified the +1 chain mail of Beogh's Benevolence
                  | {Rampage rElec rPois MP+9} (You bought it in a shop on
                  | level 4 of the Dungeon)
  9779 | D:4      | Killed ytrimaz's ghost
  9780 | D:4      | Reached skill level 5 in Evocations
  9941 | D:4      | Found Visumyus's Antique Armour Emporium.
  9965 | D:4      | Found a staircase to the Ecumenical Temple.
 10504 | D:6      | Killed SirDiesAlot's ghost
 10505 | D:6      | Reached skill level 10 in Polearms
 10505 | D:6      | Reached XP level 10. HP: 73/77 MP: 10/10
 10543 | D:6      | Reached skill level 5 in Throwing
 11088 | D:7      | Noticed Prince Ribbit
 11104 | D:7      | Killed Prince Ribbit
 11484 | D:8      | Reached skill level 11 in Polearms
 12082 | D:8      | Found a staircase to the Lair.
 12114 | D:8      | Noticed Joseph
 12139 | D:8      | Paralysed by Joseph for 4 turns
 12151 | D:8      | Killed Joseph
 12218 | D:8      | Noticed Maurice
 12257 | D:8      | Killed Maurice
 12258 | D:8      | Reached skill level 12 in Polearms
 12258 | D:8      | Reached XP level 11. HP: 77/86 MP: 11/11
 12310 | D:8      | Found a snail-covered altar of Cheibriados.
 12320 | D:8      | Noticed Pikel
 12352 | D:8      | Killed Pikel
 13241 | D:9      | Found a glowing golden altar of the Shining One.
 13294 | D:9      | Found a sacrificial altar of Ru.
 13308 | D:9      | Found a staircase to the Orcish Mines.
 13937 | D:9      | Found a shimmering blue altar of Sif Muna.
 14237 | D:9      | Reached skill level 5 in Armour
 14310 | D:9      | Found a hide-covered altar of Uskayaw.
 14311 | D:9      | Found a hazy altar of Hepliaklqana.
 14315 | D:9      | Found an opulent altar of Gozag.
 14365 | D:9      | Found an ancient bone altar of Kikubaaqudgha.
 14420 | D:10     | Entered Level 10 of the Dungeon
 14633 | D:10     | Noticed a two-headed ogre
 14663 | D:10     | Noticed a two-headed ogre
 14675 | D:10     | Killed a two-headed ogre
 14796 | D:10     | Noticed a two-headed ogre
 14809 | D:10     | Killed a two-headed ogre
 14810 | D:10     | Reached skill level 13 in Polearms
 14832 | D:10     | Found a runed translucent door.
 15214 | D:10     | Found a bloodstained altar of Trog.
 15218 | D:10     | Noticed a wizard
 15224 | D:10     | Killed a wizard
 15504 | D:10     | Noticed an orc knight
 15720 | D:10     | Killed an orc knight
 15991 | D:10     | Killed a two-headed ogre
 16187 | D:10     | Noticed a two-headed ogre
 16225 | D:10     | Killed a two-headed ogre
 16513 | Lair:1   | Entered Level 1 of the Lair of Beasts
 16530 | Lair:1   | Found a burning altar of Makhleb.
 16546 | Lair:1   | Noticed an oklob plant
 16591 | Lair:1   | Killed an oklob plant
 16856 | Lair:1   | Reached XP level 12. HP: 80/94 MP: 12/12
 17027 | Lair:1   | Noticed an eight-headed hydra
 17048 | Lair:1   | Killed an eight-headed hydra
 17049 | Lair:1   | Reached skill level 14 in Polearms
 17049 | Lair:1   | Reached skill level 10 in Dodging
 17067 | Lair:1   | Reached skill level 1 in Shields
 17393 | Lair:1   | Noticed Harold
 17422 | Lair:1   | Killed Harold
 17439 | Lair:1   | Gained mutation: You have supernaturally acute eyesight.
                  | (SInv) [potion of mutation]
 18781 | Lair:1   | HP: 4/95 [komodo dragon (22)]
 18782 | Lair:1   | Slain by a komodo dragon

Illustrated notes

Levels and vault maps discovered:
D:1:      elethiomel_arrival_infinity_welcomes_careful_drivers, layout_rooms,
          hellmonk_ecumenical_altar_leap_of_faith,
          hangedman_decor_diamond_cutter
D:2:      layout_basic
D:3:      layout_loops_ring, nicolae_dithmenos_shadow_blocks,
          vehumet_altar_wand_db, grunt_ministairs_15, minivault_26,
          minmay_misc_feat_more_columns, chequers_big_river
D:4:      layout_basic, minmay_temple_entry_waves, serial_shops, shop,
          biasface_ghost_orc_armoury, saegor_snake_ambush, uniq_duvessa
D:5:      layout_loops_ring, lemuel_tele_altar, marbit_many_paths,
          serial_bayou_pond_e, grunt_ministairs_4
D:6:      layout_basic, mainiacjoe_overflow_chevrons,
          gammafunk_ghost_nasty_kobolds
D:7:      layout_loops_ring, hangedman_abyss_or_decor_passed,
          uniq_prince_ribbit1
D:8:      layout_layer_cave, mainiacjoe_overflow_concentric_impassable,
          minmay_lair_entry_grove, chequers_serial_rivers_marsh, uniq_maurice,
          uniq_pikel, uniq_joseph
D:9:      layout_gridville, lemuel_round_altar, nicolae_sif_muna_condensation,
          tgw_kikubaaqudgha, kennysheep_mini,
          chequers_temple_overflow_statue_of_worship, zombieorc2_lemuel
D:10:     layout_loops_corners, trog_wizard, lightli_church_of_beogh
Temple:   corrupted_temple
Lair:1:   layout_loops_ring, basic_altar, serial_bayou_ford_a, minivault_19,
          minmay_lair_oklob_items, st_stairs_10, uniq_harold
Lair:2:   layout_regular_city, shoals_dummy_entry, nzn_ghost_randoct,
          chequers_serial_rivers_micro_e, minmay_hedge_maze,
          beast_lair_carwin_8, infiniplex_staircase_pool, grunt_megastairs_3,
          uniq_urug

Skill      XL: |  1  2  3  4  5  6  7  8  9 10 11 12 |
---------------+-------------------------------------+-----
Dodging        | 3 4 5 6 7 8 9 10 | 10.4
Evocations     | 1 2 3 4 5 6 7 |  7.7
Armour         | 1 2 3 4 5 |  5.8
Polearms       | 4 5 6 8 10 12 13 14 | 14.0
Fighting       | 4 5 6 7 8 9 |  9.1
Throwing       | 1 2 3 4 6 7 |  7.4
Shields        | 1 |  1.9
Stealth        | |  5.4

Action                   |  1- 3 |  4- 6 |  7- 9 | 10-12 || total
-------------------------+-------+-------+-------+-------++-------
Melee: Spear             |   139 |   273 |    33 |   986 ||  1431
       Tailslap          |       |     1 |       |    13 ||    14
       Glaive            |       |    30 |   307 |       ||   337
       Unarmed           |       |       |       |    18 ||    18
Throw: Dart              |       |     1 |    10 |    31 ||    42
       Javelin           |       |       |     1 |    17 ||    18
Evoke: Wand              |       |       |       |    13 ||    13
  Use: Potion            |     3 |     1 |     1 |     4 ||     9
       Scroll            |       |       |     1 |       ||     1
 Stab: Sleeping          |     6 |     9 |    11 |     1 ||    27
       Invisible         |       |       |     1 |     7 ||     8
       Distracted        |       |       |     1 |     2 ||     3
       Paralysed         |       |       |       |    11 ||    11
Armor: Ring mail         |    48 |   101 |   120 |    21 ||   290
       Scale mail        |       |       |       |   156 ||   156
       Chain mail        |       |       |       |    23 ||    23
Dodge: Dodged            |    73 |   190 |   220 |   246 ||   729
Block: Tower shield      |       |       |       |    63 ||    63

Table legend: (Time is in decaauts)
 A = Elapsed time spent in this place.
 B = Non-inter-level travel time spent in this place.
 C = Inter-level travel time spent in this place.
 D = Time resting spent in this place.
 E = Time spent auto-exploring this place.
 F = Levels seen in this place.
 G = Mean time per level.
                   A        B        C        D        E       F      G
               +--------+--------+--------+--------+--------+-----+--------+
         Total |  18324 |  17434 |    890 |   1048 |  13039 |  13 | 1409.5 |
       Dungeon |  15972 |  15157 |    815 |    754 |  11430 |  10 | 1597.2 |
        Temple |    399 |    398 |      1 |    294 |     63 |   1 |  399.0 |
          Lair |   1953 |   1880 |     73 |      0 |   1545 |   2 |  976.5 |
               +--------+--------+--------+--------+--------+-----+--------+

Top non-repeatable levels by time:
     D:4: 2545 daAuts
     D:6: 2368 daAuts
     D:8: 2160 daAuts
  Lair:1: 1939 daAuts
    D:10: 1923 daAuts
     D:2: 1553 daAuts
     D:3: 1377 daAuts
     D:9: 1141 daAuts
     D:5: 1133 daAuts
     D:7: 985 daAuts
     D:1: 784 daAuts
  Temple: 399 daAuts
  Lair:2: 13 daAuts
